 Dungeon Crawl Stone Soup version 0.17-a0-670-g5d95ebd (console) character file.

76631 Fusha the Earth Mage (level 15, -6/108 HPs)
             Began as a Deep Dwarf Earth Elementalist on Apr 18, 2015.
             Was the Champion of Makhleb.
             Mangled by an Executioner (10 damage)
             ... summoned by a lich
             ... on level 2 of the Orcish Mines.
             The game lasted 04:26:27 (40648 turns).

Fusha the Earth Mage (DDEE)                        Turns: 40648, Time: 04:26:27

Health: -6/108     AC: 11    Str: 13      XL:     15   Next: 13%
Magic:  40/40      EV: 18    Int: 22 (23) God:    Makhleb [******]
Gold:   1001       SH:  0    Dex: 14      Spells: 9 memorised, 5 levels left

rFire  . . .     SeeInvis .     L - +0 executioner's axe (elec)
rCold  + . .     Clarity  .     B - +3 leather armour {rC+}
rNeg   + . .     SustAb   .     (no shield)
rPois  .         Gourm    +     R - +2 hat {Int+3}
rElec  .         Spirit   .     g - +0 cloak
rCorr  .         Warding  .     m - +0 pair of gloves
rMut   .         Stasis   .     Z - +0 pair of boots
MR     ++...                    J - amulet of the gourmand
Stlth  +++++.....               V - ring of magical power
                                d - ring of magical power

@: non-regenerating, very resistant to hostile enchantments, quite stealthy
A: damage resistance, recharge devices, negative energy resistance 1, sense
surroundings 2, slow healing 3
a: Device Recharging, Minor Destruction, Lesser Servant of Makhleb, Major
Destruction, Greater Servant of Makhleb, Renounce Religion


You were on level 2 of the Orcish Mines.
You worshipped Makhleb.
Makhleb was exalted by your worship.
You were not hungry.

You visited 3 branches of the dungeon, and saw 21 of its levels.
You visited the Abyss 1 time.
You also visited: Ossuary.

You collected 1433 gold pieces.
You spent 432 gold pieces at shops.

Inventory:

Hand weapons
 e - a +0 blowgun
 L - a +0 executioner's axe of electrocution (weapon)
Missiles
 i - 6 throwing nets (quivered)
 r - 13 curare-tipped needles
Armour
 g - a +0 cloak (worn)
 m - a +0 pair of gloves (worn)
 B - a +3 leather armour of cold resistance (worn)
 R - a +2 hat of intelligence (worn)
 Z - a +0 pair of boots (worn)
Jewellery
 d - a ring of magical power (left hand)
 t - an uncursed ring of invisibility
 z - an uncursed ring of fire
 J - an amulet of the gourmand (around neck)
 V - a ring of magical power (right hand)
Magical devices
 j - a wand of heal wounds (0)
 l - a wand of cold (1)
 v - a wand of draining (7)
 A - a wand of flame (27)
 D - a wand of polymorph (6)
 E - a wand of frost (10)
 F - a wand of invisibility (1)
 H - a wand of slowing (3)
 M - a wand of digging (15)
 W - a wand of random effects (5)
Scrolls
 k - 2 scrolls of vulnerability
 p - 3 scrolls of holy word
 y - 3 scrolls of amnesia
 T - 4 scrolls of remove curse
 U - a scroll of magic mapping
Potions
 f - 3 potions of lignification
 s - 7 potions of curing
 w - 3 potions of haste
 I - a potion of resistance
 O - 2 potions of restore abilities
 S - a potion of brilliance
 Y - 5 potions of mutation
Books
 c - a book of Power

   Spells                             Type                      Level
   a - Fulminant Prism                Conjuration/Hexes            4
   b - Iskenderun's Mystic Blast      Conjuration                  4
   c - Venom Bolt                     Conjuration/Poison           5
   d - Bolt of Magma                  Conjuration/Fire/Earth       5
   e - Iron Shot                      Conjuration/Earth            6
   f - Orb of Destruction             Conjuration                  7
   g - Spellforged Servitor           Conjuration/Summoning        7
Miscellaneous
 b - a stone of tremors (inert)
 n - a plain deck of destruction {drawn: 4}
 q - a lantern of shadows
Comestibles
 o - 8 meat rations


   Skills:
 + Level 8.2 Axes
 + Level 11.4 Dodging
 + Level 12.8 Stealth
 + Level 10.9 Spellcasting
 * Level 3.5 Conjurations
 - Level 4.0 Transmutations
 + Level 16.2 Earth Magic
 * Level 6.7 Invocations
 + Level 13.2 Evocations


You had 5 spell levels left.
You knew the following spells:

 Your Spells              Type           Power        Failure   Level  Hunger
a - Sandblast             Erth           ######       0%          1    None
b - Stoneskin             Trmt/Erth      ######..     1%          2    None
c - Stone Arrow           Conj/Erth      ######       1%          3    None
d - Lee's Rapid Deconstr  Erth           ######....   1%          5    ####...
e - Petrify               Trmt/Erth      ######..     1%          4    #......
f - Conjure Flame         Conj/Fire      ###.....     14%         3    None
g - Mephitic Cloud        Conj/Pois/Air  ###.....     17%         3    None
h - Passwall              Trmt/Erth      ######....   1%          3    None
i - Iron Shot             Conj/Erth      ######....   21%         6    ######.


Dungeon Overview and Level Annotations

Branches:
Dungeon (11/15)            Temple (0/1) D:6            Lair (8/8) D:8
 Shoals (0/5) Lair:3        Snake (0/5) Lair:3        Slime (0/6) Lair:8
    Orc (2/4) D:9

Altars:
Gozag
Makhleb
Nemelex Xobeh
Yredelemnul

Shops:
D:7 !   D:8 ?

Portals:
Ice
Cave: D:11

Annotations:
D:9 hyperkellhus's ghost, experienced DsCK
D:10 oplop's ghost, experienced MfIE
Lair:3 more, exclusion: door


Innate Abilities, Weirdness & Mutations

You are resistant to damage.
You can recharge devices by infusing magical energy.
You resist negative energy.
You passively map the area around you.
You do not heal naturally.


Message History

The Executioner hits you.
* * * LOW HITPOINT WARNING * * *
The Executioner hits you!
* * * LOW HITPOINT WARNING * * *
Evoke which item? (* to show all) (? for menu, Esc to quit)
Zapping:
D - a wand of polymorph {zapped: 3} (will waste charges)
Press: ? - help, Shift-Dir - straight line, f - Executioner
Aim: an Executioner (fast, summoned, chance 0%)
Okay, then.
Evoke which item? (* to show all) (? for menu, Esc to quit)
Okay, then.
Evoke which item? (* to show all) (? for menu, Esc to quit)
You draw a card...
It is the Hammer.
You have drawn the Hammer.
Press: ? - help, Shift-Dir - straight line, f - Executioner
Aim: an Executioner (fast, summoned)
The stone arrow hits the Executioner.
The Executioner is lightly wounded.
The Executioner hits you!
You die...

,* , ##.##.. . .
,...,,,* #......
..#., .... , ##.#...
#........... ##.##..
#......#.#.##
##......
[...........##
#...#...
#.....>......### ##
##.#....
.##......X2.##.##.##
###...#
.........XXXL.X1@..#
##.##
g...##.....X##..#.##
###
#.#§#....#..##...##
##.§.{.......##.##
##§§.§......####
##.§).....##
#.§......##
##.#.#....#
#######..#*


You could see a tentacled monstrosity, a lich, a green death, an Executioner and
5 large abominations.

Vanquished Creatures
  2 rakshasas (Abyss:1)
  5 hydras
  Erica (D:8)
  6 death yaks
  Sonja (Lair:1)
  Nergalle (Abyss:1)
  A wretched star (Abyss:1)
  A fire crab (Lair:8)
  A flayed ghost (Abyss:1)
  Pikel (D:7)
  A lindwurm (Lair:7)
  A shadow demon (Abyss:1)
  2 griffons (Lair:8)
  12 black mambas
  A sixfirhy (Abyss:1)
  An orc sorcerer (Orc:2)
  7 elephants
  21 spiny frogs
  An apocalypse crab (Abyss:1)
  Psyche (D:8)
  2 torpor snails (Lair:8)
  A smoke demon (Abyss:1)
  12 komodo dragons
  3 ancient zymes (Abyss:1)
  3 fire drakes
  Grinder (D:2)
  3 polar bears
  30 blink frogs
  2 giant leeches (Lair:8)
  A boulder beetle (Lair:7)
  The ghost of laxity the Insei, an average OpTm (D:4)
  5 raiju (Abyss:1)
  A trapdoor spider (D:9)
  2 ynoxinuls (Abyss:1)
  A wraith (D:11)
  3 basilisks
  The ghost of Fusha the Skirmisher, an average HOAE (Ossuary)
  9 hippogriffs
  Grum (D:8)
  12 wolves
  54 yaks
  A mottled dragon (D:6)
  12 vampire mosquitoes
  2 chaos spawn (Abyss:1)
  13 porcupines
  13 swamp worms (Lair:8)
  Edmund (D:5)
  A neqoxec (Abyss:1)
  A hell hound (Abyss:1)
  2 large abominations (Abyss:1)
  19 water moccasins
  2 sky beasts
  3 ice beasts
  A warg (Orc:1)
  An ice beast (shapeshifter) (Abyss:1)
  3 black bears
  3 ogres
  12 orc warriors
  A phantom (D:7)
  4 slaves (D:7)
  19 crocodiles
  3 boring beetles
  2 big kobolds
  Blork the orc (D:5)
  4 centaurs
  A wyvern skeleton (D:9)
  34 giant frogs
  8 small abominations (Abyss:1)
  A scorpion (D:4)
  A water moccasin skeleton (D:6)
  5 wights (D:8)
  5 electric eels
  7 killer bees
  4 crimson imps
  4 quasits (Abyss:1)
  5 jellies
  3 starcursed masses (Abyss:1)
  22 orc priests
  3 giant frog zombies
  Crazy Yiuf (D:2)
  8 iguanas
  3 hounds
  A giant frog skeleton (D:9)
  6 worker ants
  Natasha (thrice) (D:3 D:2)
  A hell rat (D:8)
  21 orc wizards
  7 sheep
  4 hound skeletons
  6 mummies
  A worker ant zombie (D:5)
  Robin (D:3)
  73 river rats
  19 adders
  4 white imps
  An ooze (shapeshifter) (Abyss:1)
  3 ufetubi
  An ooze (D:5)
  2 adder zombies (D:5)
  9 worms
  4 giant geckos
  An orc (shapeshifter) (Lair:1)
  108 orcs
  13 bats
  A bat zombie (D:6)
  5 giant cockroaches
  19 hobgoblins
  15 jackals
  3 quokkas
  3 ball pythons (Lair:3)
  2 giant gecko zombies
  4 giant newts
  A giant spore (D:6)
  23 goblins
  A hobgoblin zombie (Ossuary)
  24 kobolds
  2 kobold zombies (D:5)
  41 rats
  A ballistomycete (D:7)
  2 fungi
  7 plants
898 creatures vanquished.

Vanquished Creatures (collateral kills)
  An acid blob (Lair:8)
  2 tentacled starspawn (Abyss:1)
  A rakshasa (Abyss:1)
  An unseen horror (Abyss:1)
  A sixfirhy (Abyss:1)
  2 worldbinders (Abyss:1)
  2 large abominations (Abyss:1)
  A hellwing (Abyss:1)
  2 small abominations (Abyss:1)
  3 raiju (Abyss:1)
  An orc warrior (D:9)
  5 starcursed masses (Abyss:1)
  An orc wizard (Orc:2)
  An ufetubus (Abyss:1)
  An orc (D:9)
  A bat (D:9)
  A goblin (Orc:2)
27 creatures vanquished.

Vanquished Creatures (others)
  An Executioner (Abyss:1)
  A thrashing horror (Abyss:1)
  An apocalypse crab (Abyss:1)
  An air elemental (Abyss:1)
  5 shadows (Abyss:1)
  An earth elemental (Abyss:1)
  A centaur (shapeshifter) (Abyss:1)
  3 river rats (Lair:8)
  A goblin (D:3)
  2 giant spores
  3 orc zombies
  10 fungi
  45 plants
  4 starspawn tentacles (Abyss:1)
  5 starspawn tentacle segments (Abyss:1)
84 creatures vanquished.

Grand Total: 1009 creatures vanquished

Notes
Turn   | Place    | Note
--------------------------------------------------------------
     0 | D:1      | Fusha, the Deep Dwarf Earth Elementalist, began the quest for the Orb.
     0 | D:1      | Reached XP level 1. HP: 15/15 MP: 3/3
   191 | D:1      | Reached skill level 1 in Evocations
   202 | D:1      | Reached XP level 2. HP: 16/22 MP: 0/4
  1277 | D:2      | Reached XP level 3. HP: 17/28 MP: 1/6
  1327 | D:2      | Learned a level 2 spell: Stoneskin
  1331 | D:2      | Learned a level 3 spell: Stone Arrow
  1844 | D:2      | Reached skill level 5 in Earth Magic
  1844 | D:2      | Reached XP level 4. HP: 18/36 MP: 2/7
  2362 | D:2      | Noticed Crazy Yiuf
  2367 | D:2      | Killed Crazy Yiuf
  2477 | D:3      | Noticed a giant frog
  2482 | D:3      | Killed a giant frog
  2482 | D:3      | Reached XP level 5. HP: 33/42 MP: 6/8
  2564 | D:3      | Noticed Natasha
  2577 | D:3      | Killed Natasha
  2616 | D:3      | Found a sparkling altar of Nemelex Xobeh.
  2648 | D:3      | Noticed Robin
  2733 | D:3      | Noticed Grinder
  2879 | D:2      | Paralysed by something for 4 turns
  2918 | D:3      | Noticed Natasha
  2939 | D:2      | Killed Natasha
  3099 | D:3      | Reached XP level 6. HP: 16/49 MP: 8/10
  3281 | D:3      | Found a burning altar of Makhleb.
  3284 | D:3      | Found an opulent altar of Gozag.
  3300 | D:3      | Killed Robin
  3300 | D:3      | Reached skill level 6 in Earth Magic
  3367 | D:3      | Became a worshipper of Makhleb the Destroyer
  3459 | D:4      | Noticed laxity's ghost (average OpTm)
  3523 | D:4      | Killed laxity's ghost
  3763 | D:4      | Reached XP level 7. HP: 28/55 MP: 6/11
  3786 | D:4      | Reached skill level 7 in Earth Magic
  4358 | D:2      | Noticed Natasha
  4358 | D:2      | Killed Natasha
  4498 | D:4      | Reached skill level 5 in Stealth
  4593 | D:4      | Acquired Makhleb's first power
  5067 | D:5      | Entered Level 5 of the Dungeon
  5121 | D:5      | Found a sand-covered staircase.
  5127 | Ossuary  | Entered an ossuary
  5271 | Ossuary  | Noticed Fusha's ghost (average HOAE)
  5404 | Ossuary  | Killed Fusha's ghost
  5404 | Ossuary  | Reached skill level 8 in Earth Magic
  5404 | Ossuary  | Reached XP level 8. HP: 25/62 MP: 7/13
  5663 | D:5      | Noticed Edmund
  5679 | D:5      | Killed Edmund
  5744 | D:5      | Acquired Makhleb's second power
  5820 | D:5      | Noticed Blork the orc
  5834 | D:5      | Reached skill level 5 in Dodging
  5862 | D:5      | Killed Blork the orc
  5862 | D:5      | Reached skill level 1 in Invocations
  5862 | D:5      | Reached skill level 5 in Evocations
  6157 | D:5      | Reached skill level 9 in Earth Magic
  6607 | D:6      | Acquired Makhleb's third power
  6679 | D:6      | Gained mutation: You passively map the area around you. [Deep Dwarf growth]
  6679 | D:6      | Reached XP level 9. HP: 68/68 MP: 1/15
  6686 | D:6      | Learned a level 5 spell: Lee's Rapid Deconstruction
  6691 | D:6      | Learned a level 4 spell: Petrify
  6872 | D:6      | Reached skill level 1 in Transmutations
  7493 | D:6      | Found a staircase to the Ecumenical Temple.
  7847 | D:2      | Killed Grinder
  7990 | D:7      | Noticed Pikel
  8229 | D:7      | Found Nocy's Distillery.
  8237 | D:7      | Reached skill level 10 in Earth Magic
  8260 | D:7      | Bought a potion of heal wounds for 55 gold pieces
  8260 | D:7      | Bought a potion of heal wounds for 55 gold pieces
  8260 | D:7      | Bought a potion of heal wounds for 55 gold pieces
  8260 | D:7      | Bought a potion of heal wounds for 55 gold pieces
  8260 | D:7      | Bought a potion of might for 44 gold pieces
  8404 | D:7      | Acquired Makhleb's fourth power
  8657 | D:7      | Killed Pikel
  8847 | D:7      | Reached skill level 5 in Spellcasting
  9363 | D:8      | Found a staircase to the Lair.
  9489 | D:8      | You fall through a shaft for 3 floors!
  9489 | D:11     | Noticed a centaur warrior
  9490 | D:11     | Found a frozen archway.
  9553 | D:11     | Reached XP level 10. HP: 25/75 MP: 17/17
  9890 | D:11     | Noticed a hill giant
 10110 | D:10     | Entered Level 10 of the Dungeon
 10112 | D:10     | Noticed oplop's ghost (experienced MfIE)
 10276 | D:9      | Identified a scroll of acquirement
 10447 | D:9      | Noticed hyperkellhus's ghost (experienced DsCK)
 10695 | D:9      | Acquired Makhleb's fifth power
 10796 | D:9      | Found a staircase to the Orcish Mines.
 10809 | Orc:1    | Entered Level 1 of the Orcish Mines
 11118 | Orc:1    | Reached skill level 5 in Invocations
 13348 | D:8      | Reached skill level 11 in Earth Magic
 13713 | D:8      | Found Sumeen's Magic Scroll Shop.
 13716 | D:8      | Bought a scroll of blinking for 120 gold pieces
 13716 | D:8      | Bought a scroll of teleportation for 48 gold pieces
 13972 | D:8      | Noticed Psyche
 13980 | D:8      | Killed Psyche
 14153 | D:8      | Noticed Erica
 14360 | D:8      | Killed Erica
 14360 | D:8      | Reached XP level 11. HP: 81/81 MP: 2/19
 14447 | D:8      | Noticed Grum
 15024 | D:8      | Killed Grum
 16015 | Lair:1   | Entered Level 1 of the Lair of Beasts
 16956 | Lair:1   | Reached skill level 12 in Earth Magic
 17061 | Lair:1   | Noticed Sonja
 17062 | Lair:1   | Noticed a six-headed hydra
 17455 | Lair:1   | Noticed Nergalle
 17466 | Lair:1   | Banished Nergalle
 17466 | Lair:1   | Reached skill level 10 in Evocations
 17586 | Lair:1   | Killed Sonja
 18731 | Lair:2   | Reached XP level 12. HP: 88/88 MP: 11/22
 20349 | Lair:2   | Reached skill level 10 in Stealth
 20513 | Lair:2   | Reached skill level 1 in Axes
 21010 | Lair:3   | Found a staircase to the Shoals.
 21374 | Lair:3   | Found a staircase to the Snake Pit.
 21925 | Lair:3   | Reached skill level 13 in Earth Magic
 22951 | Lair:3   | Noticed a four-headed hydra
 23173 | Lair:3   | Noticed a six-headed hydra
 24114 | Lair:4   | Learned a level 3 spell: Conjure Flame
 24118 | Lair:4   | Learned a level 3 spell: Mephitic Cloud
 24122 | Lair:4   | Learned a level 3 spell: Passwall
 25720 | Lair:4   | Noticed a five-headed hydra
 25911 | Lair:4   | Killed a 11-headed hydra
 26422 | Lair:6   | Reached XP level 13. HP: 94/94 MP: 3/24
 26830 | Lair:6   | Reached skill level 5 in Axes
 27934 | Lair:7   | Reached skill level 14 in Earth Magic
 29182 | Lair:7   | Reached skill level 10 in Dodging
 30543 | Lair:8   | Entered Level 8 of the Lair of Beasts
 30790 | Lair:8   | Found a basalt altar of Yredelemnul.
 32009 | Lair:8   | Reached skill level 10 in Spellcasting
 32373 | Lair:8   | Reached skill level 15 in Earth Magic
 32458 | Lair:8   | Gained mutation: You resist negative energy. [Deep Dwarf growth]
 32458 | Lair:8   | Reached XP level 14. HP: 102/102 MP: 27/27
 33686 | Lair:8   | Found a staircase to the Slime Pits.
 34051 | Lair:8   | Noticed an acid blob
 34071 | Lair:8   | Killed an acid blob
 36814 | Lair:8   | Reached skill level 1 in Conjurations
 37581 | Lair:1   | Learned a level 6 spell: Iron Shot
 38719 | Orc:2    | Cast into the Abyss (orc wizard)
 38719 | Abyss:1  | Found a corrupted altar of Lugonu.
 39549 | Abyss:1  | Reached skill level 16 in Earth Magic
 39683 | Abyss:1  | Noticed a bone dragon
 39696 | Abyss:1  | Noticed a bone dragon
 39730 | Abyss:1  | HP: 4/102 [raiju/living lightning (22)]
 39740 | Abyss:1  | Noticed a tentacled starspawn
 39749 | Abyss:1  | Noticed a tentacled starspawn
 39883 | Abyss:1  | HP: 2/102 [large abomination (33)]
 40261 | Abyss:1  | Noticed a tentacled monstrosity
 40278 | Abyss:1  | Killed Nergalle
 40339 | Abyss:1  | Reached XP level 15. HP: 80/108 MP: 5/25
 40570 | Abyss:1  | Noticed a tentacled starspawn
 40573 | Abyss:1  | Killed a tentacled starspawn
 40581 | Abyss:1  | Noticed a tentacled starspawn
 40586 | Abyss:1  | Killed a tentacled starspawn
 40596 | Abyss:1  | Noticed a lich
 40596 | Abyss:1  | HP: 3/108 [lich/bolt of lightning (52)]
 40599 | Abyss:1  | Noticed a tentacled monstrosity
 40599 | Abyss:1  | Noticed a tentacled monstrosity
 40602 | Abyss:1  | Noticed a tentacled monstrosity
 40608 | Abyss:1  | Noticed a tentacled monstrosity
 40608 | Orc:2    | Escaped the Abyss
 40642 | Orc:2    | Noticed an Executioner
 40643 | Orc:2    | Noticed a tentacled monstrosity
 40646 | Orc:2    | Noticed a tentacled monstrosity
 40646 | Orc:2    | HP: 5/108 [Executioner[a lich] (3)]
 40648 | Orc:2    | Mangled by an Executioner

Action                   |  1- 3 |  4- 6 |  7- 9 | 10-12 | 13-15 || total
-------------------------+-------+-------+-------+-------+-------++-------
Melee: Unarmed           |     3 |       |       |       |       ||     3
       Quarterstaff      |       |    74 |   349 |   594 |       ||  1017
       Battleaxe         |       |       |       |   116 |    10 ||   126
       Executioner's axe |       |       |       |       |   155 ||   155
Throw: Throwing net      |       |       |       |       |     1 ||     1
 Cast: Sandblast         |    70 |    49 |    19 |     1 |       ||   139
       Stoneskin         |     1 |     1 |    13 |    47 |    67 ||   129
       Stone Arrow       |       |       |    78 |   498 |   729 ||  1305
       Petrify           |       |       |       |    83 |    45 ||   128
       Lee's Rapid Decon |       |       |       |    18 |    64 ||    82
       Iron Shot         |       |       |       |       |    10 ||    10
Invok: Lesser Servant of |       |       |       |     1 |       ||     1
       Greater Servant o |       |       |       |       |     6 ||     6
 Abil: Device Recharging |       |       |       |     1 |     6 ||     7
Evoke: Wand              |       |     1 |    11 |    34 |    62 ||   108
       Deck              |       |       |       |       |     4 ||     4
       Stone of tremors  |       |       |       |       |     1 ||     1
       Phantom mirror    |       |       |       |       |     1 ||     1
  Use: Scroll            |       |    13 |    12 |    25 |    11 ||    61
       Potion            |       |     3 |     6 |     7 |    11 ||    27
 Stab: Sleeping          |       |     3 |    12 |     5 |     1 ||    21
       Paralysed         |       |       |     4 |    19 |       ||    23
       Distracted        |       |       |     2 |     2 |     1 ||     5
       Petrifying        |       |       |       |     3 |       ||     3
       Petrified         |       |       |       |    22 |       ||    22
       Confused          |       |       |       |     2 |       ||     2
       Invisible         |       |       |       |     2 |       ||     2
  Eat: Bread ration      |     1 |     1 |     2 |       |       ||     4
       Meat ration       |       |     1 |     1 |     1 |       ||     3
       Fruit             |       |       |     7 |     2 |       ||     9
       Beef jerky        |       |       |     1 |     2 |       ||     3
       Chunk             |       |       |       |    64 |    55 ||   119
       Pizza             |       |       |       |     1 |       ||     1
       Royal jelly       |       |       |       |       |     1 ||     1
